Match 38600646
Unlisted

Match 38600646
End
Construct Section Command Post
Infantry Section
Vickers Machine Gun Team
Infantry Section
Infantry Section
Construct Platoon Command Post
Selects Air and Sea Battlegroup
Selects Supply Surplus
Construct Resource Cache
Construct Field Infirmary
Selects Commando Section Paradrop
Humber Armored Car
Royal Engineer Section
Selects Commando Support Section Paradrop
6-pounder Anti-tank Gun Team
Commando Support Section Paradrop
Construct Company Command Post
Selects Centaur Medium Tank
Centaur Medium Tank
Grenade Package
Unlock Towed 17-pounder Anti-tank Guns
17-pounder Anti-tank Gun Team
Commando Section Paradrop
只愛❤毛妹
SlawekMetalWOT
0
0

Comments sign in to comment!

No comments posted yet!